 Dungeon Crawl Stone Soup version 0.21.1-1-g345015f (webtiles) character file.

110285 equalderp2856 the Severer (level 16, -37/149 HPs)
             Began as a Minotaur Fighter on May 12, 2018.
             Killed from afar by a merfolk aquamancer (40 damage)
             ... with a ball of steam
             ... on level 1 of the Shoals.
             The game lasted 00:57:47 (31067 turns).

equalderp2856 the Severer (Minotaur Fighter)       Turns: 31067, Time: 00:57:59

Health: -37/149    AC: 26    Str: 22    XL:     16   Next: 6%
Magic:  25/25      EV: 10    Int:  8    God:
Gold:   1958       SH: 15    Dex: 11    Spells: 29/29 levels left

rFire    x . .     SeeInvis .   C - +4 broad axe (chop)
rCold    + . .     Gourm    .   h - +2 shield {rPois}
rNeg     . . .     Faith    .   K - +0 plate armour
rPois    +         Spirit   .   (helmet restricted)
rElec    .         Reflect  .   S - +2 cloak
rCorr    .         Harm     .   l - +1 pair of gloves
MR       +....                  r - +2 pair of boots
Stlth    ..........             (no amulet)
HPRegen  0.34/turn              (no ring)
MPRegen  0.19/turn              Z - ring of ice

@: engulfed (cannot breathe), studying Spellcasting
A: retaliatory headbutt, horns 2, weak 1
a: no special abilities


You were on level 1 of the Shoals.
You were not hungry.

You visited 5 branches of the dungeon, and saw 26 of its levels.
You also visited: Sewer.

You collected 2354 gold pieces.
You spent 396 gold pieces at shops.

Inventory:

Hand Weapons
 v - a +2 broad axe of venom
 C - a +4 broad axe of chopping (weapon)
 I - a +5 war axe of freezing
 Q - a +0 trident
Armour
 c - a +0 shield
 h - a +2 shield of poison resistance (worn)
 l - a +1 pair of gloves (worn)
 r - a +2 pair of boots (worn)
 G - a +1 cloak of invisibility
 K - a +0 plate armour (worn)
 S - a +2 cloak (worn)
Jewellery
 j - an uncursed ring of poison resistance
 t - a +3 ring of intelligence
 y - an uncursed ring of resist corrosion
 Z - a ring of ice (right hand)
Wands
 g - a wand of clouds (6)
 o - a wand of iceblast (15)
 p - a wand of enslavement (13)
 s - a wand of polymorph (15)
 B - a wand of paralysis (30)
 H - a wand of acid (28)
 N - a wand of flame (162)
 O - a wand of random effects (86)
 X - a wand of disintegration (22)
Scrolls
 e - 10 scrolls of identify
 i - 17 scrolls of remove curse
 k - 6 scrolls of magic mapping
 m - a scroll of amnesia
 u - 3 scrolls of fog
 U - a scroll of teleportation
Potions
 a - 2 potions of mutation {unknown}
 b - a potion of invisibility {unknown}
 d - 3 potions of might
 n - a potion of haste
 x - 3 potions of degeneration {unknown}
 z - 2 potions of resistance {unknown}
 A - 3 potions of brilliance {unknown}
 D - 2 potions of flight {unknown}
 E - 4 potions of lignification {unknown}
 F - 2 potions of ambrosia {unknown}
 L - 3 potions of cancellation {unknown}
 W - 2 potions of agility {unknown}
Books
 q - a book of Dreams

   Spells                             Type                      Level
   a - Ensorcelled Hibernation        Hexes/Ice                    2
   b - Borgnjor's Vile Clutch         Necromancy/Earth             5
   c - Silence                        Hexes/Air                    5
   d - Darkness                       Hexes                        6
   e - Shadow Creatures               Summoning                    6
 V - a manual of Spellcasting
Miscellaneous
 P - a box of beasts
Comestibles
 f - 27 rations


   Skills:
 + Level 15.1 Fighting
 + Level 19.1(19.2) Axes
 + Level 3.6(13.3) Polearms
 + Level 14.4 Armour
 + Level 6.1 Dodging
 + Level 3.1 Stealth
 + Level 14.5 Shields
 * Level 7.1 Spellcasting
 + Level 2.7 Evocations


You had 29 spell levels left.
You didn't know any spells.

Dungeon Overview and Level Annotations

Branches:
Dungeon (15/15)            Temple (0/1) D:4            Lair (6/6) D:11
 Shoals (2/4) Lair:3       Spider (0/4) Lair:4        Slime (0/5) Lair:6
    Orc (2/2) D:10            Elf (0/3) Orc:2        Vaults (0/5) D:13
 Depths (1/5) D:15

Altars:
Dithmenos
Gozag
Makhleb
Nemelex Xobeh
Okawaru
Ru
Trog
Xom
Beogh

Shops:
D:12 =   D:13 }   Orc:2 :[(*

Portals:
Bazaar: Shoals:2

Annotations:
D:4 Scuka's ghost, amateur BaFi
Depths:1 Saint Roka


Innate Abilities, Weirdness & Mutations

You reflexively headbutt those who attack you in melee.
You have a pair of horns on your head.
You are weak. (Str -2)


Message History

You are engulfed in freezing vapours.
You resist.
* * * LOW HITPOINT WARNING * * *
Unknown command.
You block the water elemental's attack. You block the water elemental's attack.
You block the water elemental's attack.
There is a stone staircase leading up here.
The water elemental hits you!
* * * LOW HITPOINT WARNING * * *
The water elemental engulfs you in water!
The water elemental misses you. You furiously retaliate!
You headbutt the water elemental.
You climb upwards.
The merfolk aquamancer shouts!
* * * LOW HITPOINT WARNING * * *
Your lungs strain for air!
The merfolk aquamancer completely misses you.
The merfolk aquamancer gestures at you while chanting.
The ball of steam hits you! The steam scalds you terribly!
You die...

≈≈≈..P.#### #)...≈≈≈≈≈≈≈≈≈≈≈ ≈≈
≈≈P≈≈.....## ##..<.≈≈≈≈≈≈≈≈≈≈≈≈≈
≈≈≈≈≈(.....#####.###.≈≈≈≈≈≈≈≈≈≈≈≈
≈≈≈.P.#.≈........# ##.≈≈≈≈≈≈≈≈≈≈≈
≈≈≈.PP#.≈........####.≈≈≈≈≈≈≈≈≈≈≈
≈≈≈≈≈≈..≈≈≈≈≈...≈....≈≈≈≈≈≈≈≈≈≈≈≈
≈≈≈≈≈≈≈..≈.≈≈≈..≈≈≈≈≈≈≈≈≈≈≈≈≈≈≈≈≈
≈≈≈≈≈....≈.)..≈Em≈≈≈≈≈≈≈≈≈≈≈≈≈≈≈≈
≈≈≈≈≈≈≈≈...###..@E≈≈≈≈≈≈≈≈≈≈≈≈≈≈≈
≈≈≈≈≈≈≈....# #...≈≈≈≈≈≈≈≈≈≈≈≈≈≈≈≈
≈≈≈≈≈≈≈≈.≈.###..≈≈≈≈≈≈≈≈≈≈≈≈≈≈≈≈≈
≈≈≈≈≈≈≈≈≈≈.....≈≈≈≈≈≈≈≈≈≈≈≈≈≈≈≈≈≈
≈≈≈≈≈≈≈≈≈≈.....≈≈≈≈≈≈≈≈≈≈≈.≈≈≈≈≈≈
≈≈≈≈≈≈≈≈≈≈≈≈...≈≈≈≈≈≈≈≈≈≈.≈≈≈≈≈≈≈
≈≈≈≈≈≈≈≈≈≈≈≈≈.≈≈≈≈≈≈≈≈≈≈≈..≈≈≈≈≈≈
≈≈≈≈≈≈≈≈≈≈≈≈≈≈≈≈≈≈≈≈≈≈≈≈....≈≈≈≈≈
≈≈≈≈≈≈≈≈≈≈≈≈≈≈≈≈≈.....≈....≈≈≈≈≈≈


You could see a merfolk aquamancer and 2 water elementals.

Vanquished Creatures
  An orc warlord (Orc:2)
  Nessos (D:12)
  An ettin (Orc:1)
  A merfolk impaler (Shoals:1)
  A fire dragon (Lair:6)
  2 ogre magi
  A rakshasa (D:15)
  A yaktaur captain (D:15)
  Fannar (Lair:1)
  The ghost of Scuka the Carver, a journeyman BaFi of Cheibriados (D:10)
  An ice dragon (Lair:6)
  5 hydras
  4 centaur warriors
  A merfolk aquamancer (Shoals:1)
  2 merfolk avatars (Shoals:1)
  5 tengu warriors
  9 two-headed ogres
  A hell knight (D:15)
  The ghost of p0werm0de the Carver, a journeyman TeSu of Ashenzari (D:12)
  A deep troll shaman (D:15)
  Urug (Lair:5)
  2 orc high priests
  Sonja (Lair:3)
  A deep elf knight (D:14)
  A skeletal warrior (D:13)
  A fire crab (Lair:3)
  2 sea snakes (Shoals:1)
  A deep troll (D:14)
  A swamp dragon (Lair:6)
  A lindwurm (Lair:6)
  5 orc knights
  A deep elf mage (D:15)
  5 ugly things
  A manticore (shapeshifter) (D:15)
  10 harpies (Shoals:1)
  5 manticores
  5 cyclopes
  2 fauns (Shoals:1)
  3 orc sorcerers (Orc:2)
  4 merfolk sirens
  A water nymph (Shoals:1)
  6 black mambas
  5 torpor snails (Lair:6)
  Maurice (D:9)
  2 gargoyles
  8 komodo dragons
  Psyche (D:9)
  A rime drake (Lair:6)
  20 spiny frogs
  2 efreet
  4 yaktaurs
  11 merfolk
  A wind drake (Shoals:1)
  13 trolls
  4 jumping spiders (Lair:4)
  6 hornets (Lair:6)
  14 blink frogs
  Grinder (D:6)
  4 tyrant leeches (Lair:6)
  13 hippogriffs
  7 dream sheep (Lair:6)
  11 slime creatures
  A snapping turtle (Shoals:1)
  A tarantella (shapeshifter) (D:15)
  A centaur simulacrum (D:14)
  4 redbacks (Lair:4)
  2 shadows
  A wraith (D:10)
  A wyvern (D:14)
  4 water elementals (Shoals:1)
  5 hungry ghosts
  2 basilisks
  23 yaks
  3 vampire mosquitoes (D:14)
  Grum (D:9)
  2 steam dragons
  8 wargs
  2 soldier ants
  3 acid dragons
  8 porcupines
  12 water moccasins
  34 orc warriors
  3 swamp drakes (Lair:6)
  3 ice beasts
  10 ogres
  A black bear (D:11)
  A necrophage (D:7)
  2 phantoms
  2 sky beasts
  A boggart (D:13)
  34 wolves
  15 centaurs
  16 crocodiles
  3 big kobolds
  13 bullfrogs
  2 wyvern skeletons (D:13)
  6 scorpions
  A water moccasin skeleton (D:5)
  6 killer bees (D:7)
  11 wights
  3 howler monkeys
  2 bullfrog zombies
  2 crimson imps
  A quasit (D:5)
  7 centaur zombies
  8 hounds
  22 orc wizards
  8 centaur skeletons
  10 jellies
  17 orc priests
  5 bullfrog skeletons
  6 iguanas
  7 worker ants
  8 ogre zombies (D:10)
  2 hound zombies
  2 hound skeletons
  A gnoll (D:1)
  A worker ant zombie (D:6)
  14 adders
  2 shadow imps
  2 oozes (Lair:6)
  3 worms
  2 dart slugs
  6 leopard geckos
  67 orcs
  12 giant cockroaches
  7 goblins
  7 hobgoblins
  7 jackals
  11 kobolds
  4 quokkas
  2 ball pythons
  4 bats (D:2)
  6 frilled lizards
  3 goblin skeletons (D:10)
  3 goblin zombies (D:10)
  2 hobgoblin skeletons (D:10)
  2 hobgoblin zombies (D:10)
  A jackal zombie (D:5)
  2 leopard gecko skeletons
  2 orc skeletons (D:10)
  13 orc zombies (D:10)
  9 rats
  5 fungi
  7 plants
795 creatures vanquished.

Vanquished Creatures (others)
  A hippogriff (Lair:6)
  3 yaks (Lair:6)
  A wolf (Lair:3)
  A crocodile (Lair:6)
  A hound (D:12)
  An orc (D:12)
  A bush (D:15)
  14 fungi
  21 plants (Lair:6)
44 creatures vanquished.

Grand Total: 839 creatures vanquished

Notes
Turn   | Place    | Note
-------+----------+-------------------------------------------
     0 | D:1      | equalderp2856 the Minotaur Fighter began the quest for the Orb.
     0 | D:1      | Reached XP level 1. HP: 19/19 MP: 0/0
   345 | D:1      | Reached XP level 2. HP: 25/27 MP: 1/1
   570 | D:2      | Found a burning altar of Makhleb.
   580 | D:2      | Reached XP level 3. HP: 28/34 MP: 2/2
   846 | D:2      | Reached skill level 3 in Axes
   879 | D:2      | Reached XP level 4. HP: 23/41 MP: 3/3
  1251 | D:3      | Reached skill level 4 in Axes
  1342 | D:3      | Found a glowing drain.
  1352 | D:3      | Reached XP level 5. HP: 46/47 MP: 4/4
  1376 | Sewer    | Entered a sewer
  1470 | Sewer    | Noticed a crocodile
  1479 | Sewer    | Killed a crocodile
  1479 | Sewer    | Reached skill level 1 in Dodging
  1839 | D:3      | Found a faded altar of an unknown god.
  2236 | D:4      | Noticed Scuka's ghost (amateur BaFi)
  2522 | D:4      | Found a staircase to the Ecumenical Temple.
  2533 | D:4      | Reached skill level 5 in Armour
  2533 | D:4      | Reached XP level 6. HP: 52/55 MP: 5/5
  2690 | D:4      | Reached skill level 5 in Fighting
  2809 | D:5      | Entered Level 5 of the Dungeon
  2830 | D:5      | Reached skill level 5 in Axes
  2830 | D:5      | Reached skill level 5 in Shields
  3303 | D:5      | Found a bloodstained altar of Trog.
  3347 | D:5      | Reached skill level 6 in Axes
  3347 | D:5      | Reached XP level 7. HP: 59/61 MP: 6/6
  3636 | D:6      | Found an opulent altar of Gozag.
  3637 | D:6      | Found a sparkling altar of Nemelex Xobeh.
  3729 | D:6      | Noticed Grinder
  3734 | D:6      | Paralysed by Grinder for 2 turns
  3742 | D:6      | Killed Grinder
  3742 | D:6      | Reached skill level 7 in Axes
  4141 | D:6      | Found an iron altar of Okawaru.
  4164 | D:6      | Reached XP level 8. HP: 69/69 MP: 7/7
  4601 | D:7      | Reached skill level 8 in Axes
  4673 | D:7      | Reached skill level 9 in Axes
  4694 | D:7      | Reached skill level 1 in Stealth
  4995 | D:7      | You fall through a shaft!
  5134 | D:7      | Reached XP level 9. HP: 43/78 MP: 8/8
  5716 | D:7      | Reached skill level 10 in Axes
  6435 | D:9      | Noticed Psyche
  6435 | D:9      | Noticed a two-headed ogre
  6440 | D:9      | Killed Psyche
  6446 | D:9      | Killed a two-headed ogre
  6446 | D:9      | Reached skill level 11 in Axes
  6614 | D:9      | Noticed Maurice
  6636 | D:9      | Killed Maurice
  6636 | D:9      | Reached XP level 10. HP: 77/88 MP: 9/9
  6796 | D:9      | Found a sacrificial altar of Ru.
  7071 | D:9      | Noticed Grum
  7085 | D:9      | Reached skill level 1 in Evocations
  7098 | D:9      | Killed Grum
  7407 | D:9      | Found a shimmering altar of Xom.
  7644 | D:10     | Entered Level 10 of the Dungeon
  7679 | D:10     | Noticed Scuka's ghost (journeyman BaFi)
  7691 | D:11     | Noticed a manticore
  7698 | D:11     | Killed a manticore
  7698 | D:11     | Reached skill level 12 in Axes
  8069 | D:10     | Found a staircase to the Orcish Mines.
  8090 | D:10     | Reached skill level 5 in Dodging
  8361 | D:10     | Killed Scuka's ghost
  8361 | D:10     | Reached XP level 11. HP: 84/97 MP: 11/11
  8734 | D:11     | Reached skill level 13 in Axes
  8780 | D:11     | Noticed a centaur warrior
  8783 | D:11     | Noticed a two-headed ogre
  8787 | D:11     | Killed a centaur warrior
  9252 | D:11     | Found a staircase to the Lair.
  9297 | D:11     | Killed a two-headed ogre
  9675 | D:11     | Noticed a five-headed hydra
  9983 | D:10     | Killed a five-headed hydra
 10223 | Orc:1    | Entered Level 1 of the Orcish Mines
 10229 | Orc:1    | Reached skill level 10 in Shields
 10290 | Orc:1    | Noticed an ettin
 10300 | Orc:1    | Killed an ettin
 10300 | Orc:1    | Reached skill level 1 in Polearms
 10300 | Orc:1    | Reached skill level 10 in Armour
 10460 | D:10     | Reached skill level 10 in Fighting
 10460 | D:10     | Reached skill level 14 in Axes
 10686 | Orc:1    | Noticed an orc high priest
 10990 | Orc:1    | Noticed a sixfirhy
 10994 | D:10     | Killed an orc high priest
 10994 | D:10     | Reached XP level 12. HP: 70/106 MP: 12/12
 11203 | Orc:1    | Found a roughly hewn altar of Beogh.
 11482 | Orc:2    | Entered Level 2 of the Orcish Mines
 12768 | Orc:2    | Found a staircase to the Elven Halls.
 12797 | Orc:2    | Paralysed by an orc sorcerer for 4 turns
 12803 | Orc:2    | Paralysed by an orc sorcerer for 2 turns
 13172 | Orc:2    | Paralysed by an orc sorcerer for 5 turns
 13262 | Orc:2    | Noticed an orc high priest
 13300 | Orc:2    | Gained mutation: You are weak. (Str -2) [a neqoxec]
 13354 | Orc:2    | HP: 1/107 [orc priest/divine providence (12)]
 13767 | Orc:2    | Reached skill level 15 in Axes
 13872 | Orc:2    | Found a roughly hewn altar of Beogh.
 13876 | Orc:2    | Noticed an orc warlord
 14224 | Orc:2    | Killed an orc warlord
 14289 | Orc:2    | Found Atou's General Store.
 14304 | Orc:2    | Killed an orc high priest
 14306 | Orc:2    | Found Waotteik's Book Shop.
 14330 | Orc:2    | Found Baonerphe's Antique Weapon Shop.
 14360 | Orc:2    | Bought a potion of haste for 130 gold pieces
 14395 | Orc:2    | Found Kealotoc's Antique Armour Shop.
 14403 | Orc:2    | Bought a faintly humming chain mail for 266 gold pieces
 14405 | Orc:2    | Identified the cursed +1 chain mail of Yvay {rN+ Dex+2} (You bought it in a shop on level 2 of the Orcish Mines)
 14788 | Orc:2    | Identified 2 scrolls of acquirement
 15147 | Lair:1   | Entered Level 1 of the Lair of Beasts
 15372 | Lair:1   | Noticed Fannar
 15382 | Lair:1   | Killed Fannar
 16103 | Lair:2   | Reached XP level 13. HP: 116/116 MP: 13/13
 16187 | Lair:2   | Reached skill level 16 in Axes
 17070 | Lair:3   | Found a staircase to the Shoals.
 17618 | Lair:3   | Noticed Sonja
 17647 | Lair:3   | Killed Sonja
 18497 | Lair:4   | Found a hole to the Spider Nest.
 18541 | Lair:4   | Reached skill level 17 in Axes
 19169 | Lair:5   | Noticed Urug
 19208 | Lair:5   | Killed Urug
 19959 | Lair:6   | Entered Level 6 of the Lair of Beasts
 20219 | Lair:6   | Reached XP level 14. HP: 127/127 MP: 15/15
 20611 | Lair:6   | Found a staircase to the Slime Pits.
 20844 | Lair:6   | Found a runed door.
 20861 | Lair:6   | Reached skill level 1 in Spellcasting
 21694 | Lair:6   | Reached skill level 18 in Axes
 23567 | D:12     | Noticed p0werm0de's ghost (journeyman TeSu)
 23578 | D:12     | Killed p0werm0de's ghost
 23661 | D:12     | Noticed Nessos
 23926 | D:12     | Killed Nessos
 24319 | D:12     | Found Ipsafaap's Jewellery Boutique.
 24481 | D:13     | Found Emigaliq Elo's Gadget Emporium.
 24879 | D:13     | Reached XP level 15. HP: 81/137 MP: 20/20
 25155 | D:13     | Found a shadowy altar of Dithmenos.
 25720 | D:13     | Reached skill level 5 in Spellcasting
 26219 | D:13     | Found a gate to the Vaults.
 26993 | D:15     | Entered Level 15 of the Dungeon
 27461 | D:15     | Found a staircase to the Depths.
 28225 | Depths:1 | Entered Level 1 of the Depths
 28225 | Depths:1 | Noticed Saint Roka
 28564 | Depths:1 | Noticed a fire giant
 29094 | Shoals:1 | Entered Level 1 of the Shoals
 29266 | Shoals:1 | Reached skill level 19 in Axes
 30068 | Shoals:1 | Reached skill level 15 in Fighting
 30317 | Shoals:1 | Reached XP level 16. HP: 63/149 MP: 25/25
 30870 | Shoals:1 | You fall through a shaft!
 30884 | Shoals:2 | Found a flickering gateway to a bazaar.
 31067 | Shoals:1 | HP: 2/149 [drowned by a water elemental (8)]
 31067 | Shoals:1 | Killed from afar by a merfolk aquamancer

Skill      XL: |  1  2  3  4  5  6  7  8  9 10 11 12 13 14 15 16 |
---------------+-------------------------------------------------+-----
Armour         | 4 5 6 8 10 11 12 13 14 | 14.4
Fighting       | 4 5 6 7 9 10 11 12 13 15 | 15.1
Axes           | 3 4 6 7 9 11 12 14 15 17 18 19 | 19.1
Shields        | 4 5 6 7 9 10 11 12 13 14 | 14.5
Dodging        | 1 2 3 4 5 6 |  6.1
Stealth        | 1 2 3 |  3.1
Evocations     | 1 2 |  2.7
Polearms       | 1 2 3 |  3.6
Spellcasting   | 4 6 7 |  7.1

Action                   |  1- 3 |  4- 6 |  7- 9 | 10-12 | 13-15 | 16-18 || total
-------------------------+-------+-------+-------+-------+-------+-------++-------
Melee: War axe           |    73 |   171 |   248 |   570 |       |       ||  1062
       Headbutt          |    13 |    28 |    45 |   126 |   269 |    13 ||   494
       Trident           |       |       |       |    10 |    55 |       ||    65
       Broad axe         |       |       |       |    51 |  1285 |    51 ||  1387
 Abil: Evoke Invisibilit |       |       |       |     1 |       |       ||     1
Evoke: Wand              |       |       |     1 |    12 |    11 |       ||    24
  Use: Scroll            |       |       |     3 |    21 |    10 |     4 ||    38
       Potion            |       |       |     2 |     5 |     3 |     1 ||    11
 Stab: Paralysed         |       |       |     3 |       |     4 |       ||     7
       Invisible         |       |       |       |     3 |       |       ||     3
  Eat: Chunk             |       |     8 |     4 |     5 |    26 |       ||    43
       Ration            |       |       |     2 |     9 |     6 |     1 ||    18
Armor: Scale mail        |    33 |    86 |    98 |    61 |       |       ||   278
       Plate armour      |       |       |       |   192 |   657 |    27 ||   876
Dodge: Dodged            |    20 |    67 |   102 |   180 |   357 |    20 ||   746
Block: Shield            |    43 |   120 |   148 |   369 |   882 |    50 ||  1612
